AoeStats
← tHeDesiRe

Arabia

508733902Analyzed
1v1 RM · 10d ago on Sep 23, 2026· 55m 19s· 2 players
Game mode
Random Map
Map size
Tiny (2 player)
Population
200
Speed
Normal
Resources
Standard
Victory
Conquest
Starting age
Dark Age
Ending age
Imperial Age
RankedLock teamsTeams togetherTeam positionsShared explorationLock speedFull tech treeHidden civsTurbo modeCheats
Victory
Defeat
🇮🇳 Hindustanis · India
1262
+16
🇩🇪 Vietnamese · Germany
1264
-16
The_Gremlin15
8:44 Feudal Age
7:09 Loom
9:29 Double-Bit Axe
9:50 Horse Collar
21:40 Castle Age
22:50 Bow Saw
23:41 Heavy Plow
24:48 Wheelbarrow
25:18 Scale Mail Armor
25:29 Forging
27:23 Chain Mail Armor
27:44 Iron Casting
27:29 Hand Cart
29:01 Bloodlines
29:51 Squires
31:14 Town Watch
33:14 Husbandry
33:21 Scale Barding Armor
37:28 Imperial Age
35:20 Grand Trunk Road
37:37 Heavy Camel Rider
38:39 Chain Barding Armor
39:22 Blast Furnace
38:25 Man-at-Arms
38:47 Elite Ghulam
39:31 Shatagni
40:50 Chemistry
40:44 Hoardings
39:57 Long Swordsman
41:37 Conscription
43:00 Light Cavalry
44:17 Plate Barding Armor
45:48 Padded Archer Armor
48:51 Hussar
51:32 Siege Engineers
tHeDesiRe
6:30 Loom
9:27 Feudal Age
10:07 Double-Bit Axe
17:47 Fletching
22:15 Castle Age
20:38 Horse Collar
20:50 Gold Mining
21:40 Padded Archer Armor
23:09 Bloodlines
23:35 Bow Saw
24:04 Wheelbarrow
23:46 Bodkin Arrow
25:45 Heavy Plow
27:04 Stone Mining
32:14 Town Watch
32:25 Town Watch
32:56 Hand Cart
33:01 Squires
33:02 Scale Mail Armor
34:59 Chain Mail Armor
36:18 Ballistics
36:37 Forging
36:22 Elite Skirmisher
37:20 Leather Archer Armor
39:55 Imperial Age
37:34 Arson
38:07 Town Patrol
39:42 Iron Casting
40:02 Elite Fire Lancer
41:21 Masonry
42:31 Hoardings
44:10 Stone Shaft Mining
43:10 Imperial Skirmisher
45:52 Two-Man Saw
46:02 Bracer
50:17 Chemistry
51:06 Crop Rotation
51:40 Ring Archer Armor
Connection lost

Rejoining the realm…

Still unreachable

The connection could not be restored.

Session expired

The server has moved on; the page needs a fresh start.